 Dungeon Crawl Stone Soup version 0.31.0-32-g396128a36d (webtiles) character file.

Game seed: 12906793004463256390

1553658 LordWeiramon the Cutthroat (level 27, 199/199 HPs)
             Began as a Kobold Conjurer on Mar 24, 2024.
             Was the Champion of Ashenzari.
             Escaped with the Orb
             ... and 3 runes on Mar 26, 2024!
             The game lasted 05:20:45 (79968 turns).

LordWeiramon the Cutthroat (Kobold Conjurer)       Turns: 79968, Time: 05:20:46

Health: 199/199    AC: 30    Str: 12    XL:     27
Magic:  44/44      EV: 45    Int: 23    God:    Ashenzari [******]
Gold:   4660       SH: 20    Dex: 30    Spells: 36/51 levels left

rFire   + . .        a - +9 rapier of Ashenzari's Stars {elec, Fort, Cun} (curse)
rCold   + + +        V - +2 kite shield of Ouranomancy {rC+, Elem, Fort} (curse)
rNeg    + . .        W - +4 acid dragon scales "Share My Jealousy" {rCorr, Fort, Self} (curse)
rPois   +            b - +2 helmet "Chained Together" {Fort, Bglg} (curse)
rElec   .            A - +2 cloak "Loss of Ashenzari" {Will+, Bglg, Cun} (curse)
rCorr   +            B - +1 pair of gloves "Share My Sorrow" {rC+ Str+3, Fort, Range} (curse)
SInv    +            F - +2 pair of boots "Enlightened Abstinence" {Stlth+, Cun, Self} (curse)
Will    +++++        n - amulet of the Prescient Cosmos {Acrobat rC+ rN+ Will++ Str+3, Melee, Dev} (curse)
Stlth   ++++         o - ring "Behold Eternity" {Dex+6, Dev, Elem} (curse)
HPRegen 0.53/turn    E - ring "I Foresaw This" {rPois rF+ MP+9 Int+2, Fort, Bglg} (curse)
MPRegen 0.29/turn

%: acrobat, clarity
@: no status effects
A: small, no large weapons, nightstalker 3, low MP 1, mutation resistance 1
0: Orb of Zot
}: 3/15 runes: decaying, silver, gossamer
a: Renounce Religion, Shatter the Chains


You escaped.
You worshipped Ashenzari.
Ashenzari was exalted by your worship.
You visited 10 branches of the dungeon, and saw 48 of its levels.
You also visited: Ossuary, Gauntlet, Ice Cave, Volcano and Desolation.

You collected 7488 gold pieces.
You spent 2828 gold pieces at shops.

Inventory:

Hand Weapons
 a - the cursed +9 rapier of Ashenzari's Stars (weapon) {elec, Fort, Cun}
   (You took it off Nikola on level 2 of the Elven Halls)

   It has a curse which improves the following skills: Fortitude: Armour and
   Shields.
   Cunning:   Dodging and Stealth.
Missiles
 d - 40 poisoned darts
 g - 18 curare-tipped darts
 G - 3 throwing nets (quivered)
Armour
 b - the cursed +2 helmet "Chained Together" (worn) {Fort, Bglg}
   (You found it on level 15 of the Dungeon)

   It has a curse which improves the following skills: Fortitude: Armour and
   Shields.
   Beguiling: Hexes and Translocations.
 A - the cursed +2 cloak "Loss of Ashenzari" (worn) {Will+, Bglg, Cun}
   (You took it off Nikola on level 2 of the Elven Halls)

   It has a curse which improves the following skills: Beguiling: Hexes and
   Translocations.
   Cunning:   Dodging and Stealth.
 B - the cursed +1 pair of gloves "Share My Sorrow" (worn) {rC+ Str+3, Fort, Range}
   (You found it on level 4 of the Spider Nest)

   Str+3:     It affects your strength (+3).
   rC+:       It protects you from cold.
   It has a curse which improves the following skills: Fortitude: Armour and
   Shields.
   Ranged Combat: Ranged Weapons and Throwing.
 F - the cursed +2 pair of boots "Enlightened Abstinence" (worn) {Stlth+, Cun, Self}
   (You found it on level 7 of the Dungeon)

   It has a curse which improves the following skills: Cunning: Dodging and
   Stealth.
   Introspection: Fighting and Spellcasting.
 V - the cursed +2 kite shield of Ouranomancy (worn) {rC+, Elem, Fort}
   (You found it in an ice cave)

   It has a curse which improves the following skills: Elements: Fire Magic, Ice
   Magic, Air Magic and Earth Magic.
   Fortitude: Armour and Shields.
 W - the cursed +4 acid dragon scales "Share My Jealousy" (worn) {rCorr, Fort, Self}
   (You found it on level 11 of the Dungeon)

   rCorr:     It protects you from acid and corrosion.
   It has a curse which improves the following skills: Fortitude: Armour and
   Shields.
   Introspection: Fighting and Spellcasting.
Jewellery
 n - the cursed amulet of the Prescient Cosmos (around neck) {Acrobat rC+ rN+ Will++ Str+3, Melee, Dev}
   (You bought it in a shop on level 5 of the Vaults)

   [amulet of the acrobat]

   Acrobat:   It increases your evasion while moving and waiting.
   Str+3:     It affects your strength (+3).
   rC+:       It protects you from cold.
   rN+:       It protects you from negative energy.
   Will++:    It greatly increases your willpower.
   It has a curse which improves the following skills: Melee Combat: Short
   Blades, Long Blades, Axes, Maces & Flails, Polearms, Staves and Unarmed
   Combat.
   Devices:   Evocations and Shapeshifting.
 o - the cursed ring "Behold Eternity" (left hand) {Dex+6, Dev, Elem}
   (You found it in a Gauntlet)

   [ring of dexterity]

   Dex+6:     It affects your dexterity (+6).
   It has a curse which improves the following skills: Devices: Evocations and
   Shapeshifting.
   Elements:  Fire Magic, Ice Magic, Air Magic and Earth Magic.
 D - the ring "Xaedidghe" {rF+ Will+}
   (You found it on level 3 of the Elven Halls)

   [ring of willpower]

   rF+:       It protects you from fire.
   Will+:     It increases your willpower.
 E - the cursed ring "I Foresaw This" (right hand) {rPois rF+ MP+9 Int+2, Fort, Bglg}
   (You found it on level 3 of the Elven Halls)

   [ring of magical power]

   Int+2:     It affects your intelligence (+2).
   rF+:       It protects you from fire.
   rPois:     It protects you from poison MP+9: It affects your magic capacity
   (+9).
   It has a curse which improves the following skills: Fortitude: Armour and
   Shields.
   Beguiling: Hexes and Translocations.
Wands
 r - a wand of mindburst (57)
 w - a wand of light (37)
 y - a wand of paralysis (51)
 I - a wand of digging (27)
 J - a wand of iceblast (44)
 L - a wand of flame (110)
 N - a wand of polymorph (46)
Scrolls
 e - 15 scrolls of fog
 i - 9 scrolls of blinking
 k - 7 scrolls of poison
 m - a scroll of brand weapon
 p - 10 scrolls of revelation
 q - 31 scrolls of teleportation
 s - 2 scrolls of butterflies
 t - 4 scrolls of silence
 M - 3 scrolls of fear
 P - 3 scrolls of enchant weapon
 Q - a scroll of enchant armour
 T - 5 scrolls of vulnerability
Potions
 c - 8 potions of mutation
 f - 13 potions of heal wounds
 h - 6 potions of magic
 l - 7 potions of ambrosia
 v - 6 potions of cancellation
 x - 12 potions of brilliance
 z - 16 potions of curing
 C - 11 potions of might
 O - 8 potions of haste
 R - a potion of invisibility
 U - 10 potions of enlightenment
 X - 2 potions of berserk rage
 Z - 6 potions of resistance
Miscellaneous
 j - a phantom mirror
 u - a box of beasts
 H - a tin of tremorstones (2/2)
 K - a lightning rod (4/4)
 Y - a phial of floods


   Skills:
 - Level 24.5(27) Fighting
 - Level 26.0(27) Short Blades
 - Level 6.0(8.5) Throwing
 + Level 14.2(21.7) Armour
 - Level 23.3(27) Dodging
 - Level 24.0(27) Stealth
 - Level 10.3(17.8) Shields
 - Level 9.0(12.6) Spellcasting
 - Level 4.0 Conjurations
 - Level 12.0(16.7) Hexes
 - Level 12.0(15.5) Air Magic
 - Level 10.0(13.6) Evocations


You had 36 spell levels left.
You knew the following spells:

 Your Spells              Type           Power      Damage    Failure   Level
a - Cause Fear            Hex            37%        N/A       1%          4
c - Confusing Touch       Hex            75%        N/A       1%          3
d - Dazzling Flash        Conj/Hex       100%       N/A       1%          3
s - Silence               Hex/Air        36%        N/A       1%          5

Your spell library contained the following spells:

 Spells                   Type           Power      Damage    Failure   Level
 Slow                     Hex            100%       N/A       0%          1
 Jinxbite                 Hex            100%       N/A       0%          2
 Magic Dart               Conj           100%       1d8       1%          1
 Static Discharge         Conj/Air       100%       3-8/arc   1%          2
 Inner Flame              Hex/Fire       53%        N/A       1%          3
 Mephitic Cloud           Conj/Alch/Air  44%        N/A       1%          3
 Sigil of Binding         Hex            75%        N/A       1%          3
 Tukima's Dance           Hex            75%        N/A       1%          3
 Searing Ray              Conj           64%        2d6       2%          2
 Anguish                  Hex/Necr       26%        N/A       2%          4
 Dimensional Bullseye     Hex/Tloc       26%        N/A       2%          4
 Summon Lightning Spire   Summ/Air       50%        N/A       3%          4
 Vhi's Electric Charge    Tloc/Air       100%       N/A       3%          4
 Momentum Strike          Conj/Tloc      50%        3d9       4%          2
 Arcjolt                  Conj/Air       28%        1d38      4%          5
 Apportation              Tloc           34%        N/A       7%          1
 Summon Mana Viper        Hex/Summ       52%        N/A       8%          5
 Yara's Violent Unravell  Hex/Alch       26%        3d11      8%          5
 Enfeeble                 Hex            37%        N/A       8%          7
 Necrotise                Necr           56%        1d6       9%          1
 Summon Small Mammal      Summ           56%        N/A       9%          1
 Blink                    Tloc           34%        N/A       10%         2
 Lesser Beckoning         Tloc           34%        N/A       10%         2
 Scorch                   Fire           32%        2d6       11%         2
 Hailstorm                Conj/Ice       24%        3d7       11%         3
 Sublimation of Blood     Necr           14%        N/A       14%         2
 Freezing Cloud           Conj/Ice/Air   22%        6-21      16%         5
 Gell's Gravitas          Tloc           17%        N/A       21%         3
 Teleport Other           Tloc           17%        N/A       21%         3
 Volatile Blastmotes      Fire/Tloc      34%        2d12      21%         3
 Ozocubu's Armour         Ice            16%        N/A       22%         3
 Summon Ice Beast         Ice/Summ       15%        N/A       24%         3
 Call Canine Familiar     Summ           14%        N/A       26%         3
 Fugue of the Fallen      Necr           14%        N/A       26%         3
 Vampiric Draining        Necr           14%        2d7       26%         3
 Iskenderun's Mystic Bla  Conj/Tloc      25%        2d7       32%         4
 Flame Wave               Conj/Fire      24%        2d8       34%         4
 Fulminant Prism          Conj/Alch      11%        3d9       36%         4
 Iskenderun's Battlesphe  Conj           32%        2d8       43%         5
 Manifold Assault         Tloc           17%        N/A       54%         4
 Animate Armour           Summ/Erth      30%        N/A       63%         4
 Leda's Liquefaction      Alch/Erth      7%         N/A       63%         4
 Petrify                  Alch/Erth      15%        N/A       63%         4
 Sticky Flame             Fire/Alch      15%        2d5       63%         4
 Summon Blazeheart Golem  Fire/Summ      15%        N/A       63%         4
 Animate Dead             Necr           14%        N/A       65%         4
 Martyr's Knell           Necr/Summ      14%        N/A       65%         4
 Maxwell's Capacitive Co  Air            36%        ∞         67%         8
 Fireball                 Conj/Fire      12%        3d7       69%         5
 Irradiate                Conj/Alch      11%        3d15      73%         5
 Lee's Rapid Deconstruct  Erth           8%         3d7*      90%         5
 Borgnjor's Vile Clutch   Necr/Erth      7%         N/A       92%         5
 Alistair's Intoxication  Alch           9%         N/A       94%         5
 Curse of Agony           Necr           14%        N/A       94%         5
 Bombard                  Conj/Erth      12%        9d3       99%         6
 Starburst                Conj/Fire      12%        6d5       99%         6
 Dispersal                Tloc           8%         N/A       100%        6
 Eringya's Noxious Bog    Alch           7%         4d6       100%        6
 Sculpt Simulacrum        Ice/Alch       7%         N/A       100%        6
 Summon Cactus Giant      Summ           7%         N/A       100%        6
 Malign Gateway           Summ/Tloc      8%         N/A       100%        7
 Monstrous Menagerie      Summ           7%         N/A       100%        7
 Ozocubu's Refrigeration  Ice            8%         4d9       100%        7
 Spellforged Servitor     Conj/Summ      11%        N/A       100%        7
 Summon Hydra             Summ           7%         N/A       100%        7
 Ignition                 Fire           8%         3d5       100%        8
 Summon Horrible Things   Summ           7%         N/A       100%        8
 Chain Lightning          Conj/Air       28%        3d37      100%        9
 Death's Door             Necr           7%         N/A       100%        9
 Dragon's Call            Summ           7%         N/A       100%        9
 Fire Storm               Conj/Fire      12%        8d3       100%        9
 Polar Vortex             Ice            8%         12d1*     100%        9
 Shatter                  Erth           8%         3d10*     100%        9


Dungeon Overview and Level Annotations

Branches:
Dungeon (15/15)            Temple (1/1) D:4            Lair (5/5) D:8
  Swamp (4/4) Lair:3       Spider (4/4) Lair:3        Slime (0/5) Lair:4
    Orc (2/2) D:9             Elf (3/3) Orc:2        Vaults (5/5) D:14
  Crypt (0/3) Vaults:2     Depths (4/4) D:15            Zot (5/5) Depths:4
Ossuary (visited)           IceCv (visited)         Volcano (visited)
Desolation (visited)      Gauntlet (visited)

Altars:
Ashenzari
Cheibriados
Dithmenos
Elyvilon
Fedhas
Gozag
Hepliaklqana
Kikubaaqudgha
Makhleb
Nemelex Xobeh
Okawaru
Qazlal
Ru
Sif Muna
Trog
Uskayaw
Vehumet
Wu Jian
Xom
Yredelemnul
Zin
The Shining One

Shops:
D:10 =   D:11 (   Orc:2 (*(   Elf:1 *   Elf:2 =   Vaults:1 ?   Vaults:5 [=
Depths:2 *

Portals:
Hell: Depths:1 Depths:2 Depths:3 Depths:4
Abyss: Depths:3
Pandemonium: Depths:2
Ziggurat: Depths:4

Annotations:
Zot:2 exclusion: door


Innate Abilities, Weirdness & Mutations

You are small and have problems with some larger weapons.
You are completely attuned to the shadows.
Your magical capacity is low. (-10% MP)
You are somewhat resistant to further mutation.


Message History

2 stones; a +0 short sword
Things that are here:
4 stones; a +0 short sword
Things that are here:
4 stones; a +0 short sword You see here a +0 club.
Things that are here:
a +0 robe; a +3 morningstar
There is a stone staircase leading up here.
You climb upwards.
There is a stone staircase leading down here.
You see here a +0 robe.
There is a stone staircase leading up here.
You climb upwards.
There is a stone staircase leading down here.
Things that are here:
a +0 robe; a +0 dagger; a kobold skeleton You see here a +0 orcbow.
You see here 6 stones.
There is a stone staircase leading up here.
You climb upwards.
There is a stone staircase leading down here.
You sense a monster nearby.
There is an open door here.
There is a stone staircase leading up here.
You climb upwards.
There is a stone staircase leading down here.
There is a stone staircase leading up here.
You climb upwards.
There is a stone staircase leading down here.
There is a stone staircase leading up here.
You climb upwards.
There is a stone staircase leading down here.
You see here a +0 dagger.
There is a stone staircase leading up here.
You climb upwards.
There is a stone staircase leading down here.
There is an open door here.
There is a staircase leading out of the dungeon here.
You have escaped!

###########
#####...#.# #..
#
#.........######
#
#...........###.
#
#...............
#
#####...###.#..#
# ####### #...#
#.#.## # #.....#
#.### #..># #
###.....###.#
##### #
###.'..@..'...#
#
#...#.....#####
##.###.....#
#####..# #######
#.....## #####
#....##
#...########
########'###
##.........)#
....##.....##
#...........#
....#.......#
#...>.......#


There were no monsters in sight!

Vanquished Creatures
  2 orbs of fire
  4 dread liches (Zot:5)
  4 ancient liches
  Mara (Swamp:3)
  3 juggernauts
  Boris (thrice) (Vaults:3 Vaults:5 Depths:4)
  The ghost of Huufes the Executioner, a veteran MiGl of Hepliaklqana (Zot:2)
  A Killer Klown (Zot:5)
  5 caustic shrikes
  7 golden dragons
  Nikola (Elf:2)
  A profane servitor (Depths:4)
  5 electric golems
  Rupert (D:14)
  2 liches
  22 Orb Guardians (Zot:5)
  12 tentacled monstrosities
  3 walking divine tomes (Depths:3)
  2 deep elf blademasters (Elf:3)
  2 walking frostbound tomes (Depths:3)
  5 titans
  2 deep elf master archers (Elf:3)
  7 sphinxes
  8 quicksilver dragons
  An ancient champion (Vaults:2)
  Gastronok (Lair:2)
  A thorn hunter (Swamp:4)
  8 death cobs
  An Executioner (D:11)
  8 tengu reavers
  13 storm dragons
  Agnes (Spider:4)
  11 shadow dragons
  Donald (Spider:2)
  4 draconian monks (Zot:2)
  Roxanne (Swamp:1)
  8 protean progenitors
  2 fenstrider witches (Swamp:4)
  8 fire giants
  8 emperor scorpions
  2 imperial myrmidons (Desolation)
  4 draconian knights
  5 frost giants
  8 deep elf sorcerers
  5 draconian scorchers
  3 draconian shifters
  An iron dragon (Vaults:5)
  10 ghost moths
  A draconian stormcaller (Zot:5)
  14 vault wardens
  5 draconian annihilators
  23 ironbound preservers
  An orc warlord (Vaults:1)
  2 deep elf elementalists (Elf:3)
  12 very ugly things
  2 broodmothers
  2 angels (Vaults:1)
  8 ironbound thunderhulks
  14 stone giants
  4 formless jellyfish
  7 eleionomae
  7 vampire knights
  6 green draconians
  2 demonspawn black suns (Zot:2)
  12 red draconians
  5 deep elf demonologists (Elf:3)
  3 black draconians
  5 yellow draconians
  8 deep elf death magi
  9 purple draconians
  A minotaur (Gauntlet)
  4 war gargoyles
  Azrael (D:12)
  11 dire elephants
  5 bunyips
  5 white draconians
  10 deep elf annihilators
  A halazid warlock (Desolation)
  A spark wasp (shapeshifter) (Vaults:5)
  Snorg (Lair:5)
  13 spark wasps
  8 fire dragons
  15 ettins
  4 jiangshi
  5 crystal guardians
  13 entropy weavers
  3 ragged hierophants (Desolation)
  5 deep elf high priests
  45 vault guards
  2 shambling mangroves
  A spriggan zombie (Depths:3)
  13 ice dragons
  2 rakshasas (Depths:2)
  8 peacekeepers
  10 servants of whispers (Desolation)
  11 yaktaur captains
  Harold (D:10)
  5 great orbs of eyes
  16 centaur warriors
  A ghost crab (Swamp:2)
  5 ironbound frosthearts
  25 hydras
  8 spriggan air magi
  A jorogumo (Spider:1)
  6 alligators
  4 radroaches
  6 ogre magi
  3 catoblepae
  7 boulder beetles
  23 two-headed ogres
  7 deep troll shamans
  23 dancing weapons
  4 vampire magi (Depths:1)
  A sphinx skeleton (Vaults:3)
  11 death yaks
  Urug (Lair:1)
  7 spriggan berserkers
  3 tengu warriors
  6 deep troll earth magi
  2 demonic crawlers (Spider:1)
  2 occultists
  A shock serpent (shapeshifter) (Vaults:5)
  9 hell knights (Depths:3)
  A skyshark (Lair:3)
  19 deep elf knights
  A titan skeleton (Depths:3)
  9 pharaoh ants
  8 iron trolls
  A soul eater (Gauntlet)
  4 skeletal warriors
  A fire crab (shapeshifter) (D:14)
  11 orb spiders
  2 sea snakes (shapeshifter)
  2 sun moths
  3 arcanists
  3 spriggan druids
  4 goliath frogs
  62 deep trolls
  13 swamp dragons
  2 mana vipers (shapeshifter)
  4 flayed ghosts
  4 glowing orange brains
  2 glowing orange brains (shapeshifter) (Vaults:5)
  28 ironbound convokers
  4 harpies
  17 deep elf archers
  8 lindwurms
  9 steelbarb worms
  3 bog bodies
  A sun moth (shapeshifter) (Elf:3)
  7 necromancers
  4 orc knights
  6 phantasmal warriors
  A harpy (shapeshifter) (D:15)
  34 ugly things
  38 deep elf zephyrmancers
  2 steelbarb worms (shapeshifter)
  A sphinx simulacrum (Vaults:4)
  20 wolf spiders
  An orc sorcerer (Orc:1)
  An oklob plant (Lair:1)
  3 fauns (Zot:5)
  A manticore (shapeshifter) (Depths:4)
  16 deep elf pyromancers
  7 cyclopes
  A shining eye (shapeshifter) (Vaults:5)
  3 salamanders (Volcano)
  2 manticores (D:11)
  32 moths of wrath
  20 elephants
  A will-o-the-wisp (Swamp:3)
  4 guardian serpents (Desolation)
  Joseph (D:10)
  3 ice statues (IceCv)
  3 black mambas (shapeshifter)
  6 meliai (Spider:4)
  4 gargoyles
  4 black mambas
  18 vault sentinels
  2 torpor snails (shapeshifter)
  3 torpor snails
  13 cane toads
  A molten gargoyle (Desolation)
  2 hellions
  Maggie (Lair:1)
  A minotaur zombie (Gauntlet)
  2 unseen horrors
  A kobold demonologist (D:6)
  24 yaktaurs
  3 freezing wraiths
  2 efreet
  A yaktaur skeleton (Vaults:4)
  5 tengu conjurers
  2 anaconda simulacra (IceCv)
  14 komodo dragons
  A yaktaur (shapeshifter) (Elf:2)
  8 rime drakes
  Psyche (D:10)
  10 trolls
  10 polar bears
  26 tarantellas
  12 hornets
  3 bloated husks
  16 tyrant leeches
  52 saltlings (Desolation)
  8 blink frogs
  A snapping turtle (shapeshifter) (Elf:3)
  A frost giant simulacrum (Vaults:4)
  31 slime creatures
  A jumping spider (shapeshifter) (Depths:3)
  A glass eye (Depths:2)
  34 jumping spiders
  2 air elementals
  3 shadows (D:10)
  33 culicivoras
  8 spriggans
  Sigmund (D:6)
  9 water elementals
  51 yaks
  3 fire bats (Volcano)
  A wraith (D:10)
  An elf zombie (Vaults:4)
  8 fire elementals
  A hog (shapeshifter) (Depths:3)
  11 wyverns
  20 humans
  70 redbacks
  A redback simulacrum (D:13)
  3 wargs
  6 golden eyes (D:8)
  7 basilisks
  7 steam dragons
  22 vampire mosquitoes
  A death yak simulacrum (IceCv)
  A neqoxec (D:14)
  2 glowing shapeshifter zombies
  A harpy simulacrum (IceCv)
  16 swamp worms
  3 acid dragons
  A glowing shapeshifter skeleton (Depths:3)
  11 water moccasins
  18 orc warriors
  7 hell hounds
  10 swamp drakes
  7 ice beasts
  A black bear (Lair:3)
  13 wolves
  23 ogres
  A boggart (Vaults:1)
  8 centaurs
  2 kobold brigands (D:8)
  A phantom (D:3)
  3 bullfrogs
  5 earth elementals
  A necrophage (D:10)
  10 scorpions
  12 wights
  2 killer bees
  2 electric eels (D:9)
  8 howler monkeys
  A crimson imp (D:10)
  5 human zombies
  A bombardier beetle (D:5)
  6 jellies
  A gnoll bouda (D:7)
  13 orc priests
  5 hounds
  A sleepcap (D:6)
  6 iguanas
  14 orc wizards
  2 polar bear simulacra (IceCv)
  A wolf simulacrum (IceCv)
  5 hound zombies (Ossuary)
  A boggart simulacrum (D:13)
  2 mummies (Ossuary)
  11 gnolls
  12 adders
  4 shadow imps
  6 white imps
  3 ufetubi (D:13)
  3 adder zombies (Ossuary)
  A dart slug (D:2)
  A ribbon worm (D:4)
  51 orcs
  17 bats
  6 endoplasms
  2 giant cockroaches
  6 hobgoblins
  5 jackals
  17 kobolds
  2 quokkas
  7 ball pythons
  4 frilled lizards
  7 gnoll zombies (Ossuary)
  10 goblins
  6 jackal zombies (Ossuary)
  5 kobold zombies (Ossuary)
  8 orc zombies (Ossuary)
  A rat (D:3)
  An aspiring flesh (Zot:4)
  A butterfly (Lair:4)
2219 creatures vanquished.

Vanquished Creatures (collateral kills)
  A vault warden (Vaults:5)
  An ironbound preserver (Vaults:1)
  A dancing weapon (Elf:2)
  A slime creature (Vaults:1)
4 creatures vanquished.

Vanquished Creatures (others)
  A deep elf zephyrmancer (Elf:1)
  4 bloated husks
  A wyvern (D:10)
  A yak (D:10)
  A redback (Spider:1)
  A killer bee (D:10)
  An orc wizard (D:9)
10 creatures vanquished.

Grand Total: 2233 creatures vanquished

Notes
Turn   | Place    | Note
-------+----------+-------------------------------------------
     0 | D:1      | LordWeiramon the Kobold Conjurer began the quest for the
                  | Orb.
     0 | D:1      | Reached XP level 1. HP: 10/10 MP: 3/3
   161 | D:1      | Reached skill level 1 in Fighting
   327 | D:1      | Reached XP level 2. HP: 16/16 MP: 3/5
   330 | D:1      | Learned a level 2 spell: Searing Ray
   767 | D:1      | Reached skill level 1 in Short Blades
   806 | D:1      | Reached XP level 3. HP: 21/21 MP: 3/6
  1126 | D:1      | Reached skill level 2 in Short Blades
  1440 | D:2      | Learned a level 3 spell: Dazzling Flash
  1769 | D:2      | Reached skill level 3 in Short Blades
  1775 | D:2      | Reached XP level 4. HP: 26/26 MP: 5/7
  2287 | D:3      | Found a hazy altar of Hepliaklqana.
  2302 | D:3      | Found a glowing silver altar of Zin.
  2458 | D:3      | Reached skill level 4 in Short Blades
  2458 | D:3      | Reached XP level 5. HP: 30/30 MP: 4/8
  3172 | D:4      | Noticed a phantom
  3238 | D:3      | Killed a phantom
  3239 | D:3      | Reached skill level 5 in Short Blades
  3239 | D:3      | Reached XP level 6. HP: 34/35 MP: 1/9
  3459 | D:4      | Found a staircase to the Ecumenical Temple.
  3464 | Temple   | Entered the Ecumenical Temple
  3915 | D:5      | Entered Level 5 of the Dungeon
  3919 | D:5      | Found a sand-covered staircase.
  3925 | Ossuary  | Entered an ossuary
  3955 | Ossuary  | Reached skill level 5 in Dodging
  4260 | Ossuary  | Reached XP level 7. HP: 41/41 MP: 10/10
  4631 | Ossuary  | Reached skill level 5 in Stealth
  4908 | D:5      | Reached skill level 6 in Short Blades
  5189 | D:5      | Reached skill level 7 in Short Blades
  5233 | D:5      | Reached XP level 8. HP: 13/46 MP: 0/11
  6462 | D:5      | Reached skill level 5 in Fighting
  6462 | D:5      | Reached XP level 9. HP: 54/54 MP: 12/12
  7363 | D:6      | Identified the +4 dagger of Nobagh {flame, rElec Str+2}
  7794 | D:6      | Noticed Sigmund
  7798 | D:6      | Killed Sigmund
  7799 | D:6      | Reached skill level 8 in Short Blades
  8002 | D:7      | Reached skill level 9 in Short Blades
  8240 | D:6      | Reached XP level 10. HP: 59/59 MP: 13/13
  8241 | D:7      | Noticed a kobold demonologist
  8252 | D:6      | Killed a kobold demonologist
  8253 | D:6      | Reached skill level 10 in Short Blades
  8424 | D:7      | Reached skill level 5 in Evocations
  8431 | D:7      | Found an opulent altar of Gozag.
  9028 | D:8      | Reached skill level 10 in Dodging
  9558 | D:8      | Found a staircase to the Lair.
  9669 | D:8      | Reached skill level 1 in Throwing
 10133 | D:9      | Found a staircase to the Orcish Mines.
 10396 | D:9      | Reached skill level 5 in Throwing
 10396 | D:9      | Reached XP level 11. HP: 38/59 MP: 14/14
 11046 | D:10     | Entered Level 10 of the Dungeon
 11070 | D:10     | Reached skill level 1 in Hexes
 11078 | D:10     | Noticed a cyclops
 11225 | D:10     | Found a snail-covered altar of Cheibriados.
 11228 | D:10     | Found a broken altar of Ashenzari.
 11230 | D:10     | Found a blossoming altar of Fedhas.
 11271 | D:10     | Reached skill level 5 in Hexes
 11331 | D:10     | Became a worshipper of Ashenzari the Shackled
 11333 | D:10     | Found a bloodstained altar of Trog.
 11340 | D:10     | Found an opulent altar of Gozag.
 11341 | D:10     | Found a shimmering blue altar of Sif Muna.
 11344 | D:10     | Found a shimmering altar of Xom.
 11542 | D:10     | Noticed Joseph
 11546 | D:10     | Killed Joseph
 11547 | D:10     | Reached skill level 5 in Spellcasting
 11577 | D:10     | Noticed Harold
 11580 | D:10     | Killed Harold
 11587 | D:10     | Found Ufodutyg's Jewellery Shop.
 11595 | D:10     | Noticed Psyche
 11693 | D:10     | Noticed a two-headed ogre
 11693 | D:10     | Noticed a seven-headed hydra
 11826 | D:10     | Noticed an ice dragon
 11860 | D:11     | Noticed a catoblepas
 11871 | D:11     | Killed a catoblepas
 11908 | D:11     | Noticed a boulder beetle
 11923 | D:11     | Killed a boulder beetle
 12130 | D:11     | Noticed an ice dragon
 12135 | D:11     | Reached skill level 1 in Armour
 12146 | D:11     | Reached XP level 12. HP: 60/68 MP: 20/20
 12207 | D:11     | Killed an ice dragon
 12248 | D:11     | Found a frozen archway.
 12264 | IceCv    | Entered an ice cave
 12594 | IceCv    | Reached skill level 5 in Armour
 13044 | D:11     | Found Koasyceo's Hydra Hut.
 13048 | D:11     | Noticed a five-headed hydra
 13079 | D:11     | Reached skill level 10 in Stealth
 13406 | D:11     | Noticed a two-headed ogre
 13412 | D:11     | Killed a two-headed ogre
 13956 | Lair:1   | Entered Level 1 of the Lair of Beasts
 13964 | Lair:1   | Found a dark tunnel.
 13970 | Volcano  | Entered a volcano
 13976 | Volcano  | Noticed a two-headed ogre
 13988 | Volcano  | Killed a two-headed ogre
 13989 | Volcano  | Reached skill level 1 in Shields
 14112 | Volcano  | Noticed a two-headed ogre
 14137 | Volcano  | Killed a two-headed ogre
 14143 | Volcano  | Reached skill level 11 in Short Blades
 14225 | Volcano  | Reached XP level 13. HP: 56/72 MP: 11/21
 14361 | Volcano  | Reached * piety under Ashenzari
 14413 | Volcano  | Reached skill level 12 in Short Blades
 14676 | Volcano  | Noticed a fire dragon
 14709 | Volcano  | Killed a fire dragon
 15056 | Lair:1   | Reached skill level 13 in Short Blades
 15396 | Lair:1   | Noticed Maggie
 15400 | Lair:1   | Killed Maggie
 15417 | Lair:1   | Reached ** piety under Ashenzari
 15511 | Lair:1   | Noticed Urug
 15515 | Lair:1   | Killed Urug
 15526 | Lair:1   | Noticed Sonja
 15528 | Lair:1   | Sonja changed into Sonja the warg
 15528 | Lair:1   | Noticed Sonja
 15538 | Lair:1   | Killed Sonja the warg
 16086 | Lair:2   | Noticed Gastronok
 16090 | Lair:2   | Killed Gastronok
 16114 | Lair:2   | Reached skill level 5 in Shields
 16117 | Lair:2   | Reached XP level 14. HP: 88/88 MP: 23/23
 16629 | Lair:2   | Reached *** piety under Ashenzari
 16911 | Lair:2   | Found a shadowy altar of Dithmenos.
 17066 | Lair:2   | Reached **** piety under Ashenzari
 17619 | Lair:3   | Found a hole to the Spider Nest.
 18905 | Lair:3   | Found a staircase to the Swamp.
 19612 | Lair:4   | Reached skill level 10 in Shields
 19682 | Lair:4   | Found a staircase to the Slime Pits.
 20243 | Lair:5   | Entered Level 5 of the Lair of Beasts
 20398 | Lair:4   | Reached XP level 15. HP: 82/93 MP: 25/25
 20512 | Lair:5   | Noticed Snorg
 20780 | Lair:5   | Killed Snorg
 21719 | Lair:5   | Learned a level 3 spell: Confusing Touch
 21881 | Lair:5   | Reached skill level 10 in Armour
 21896 | Lair:5   | Identified the cursed +1 cloak "Tethered Gnosis" {Fort,
                  | Dev} (You found it on level 4 of the Lair of Beasts)
 21896 | Lair:5   | Identified the cursed +0 helmet "Gnostic Adversity" {Melee,
                  | Comp} (You found it on level 10 of the Dungeon)
 21896 | Lair:5   | Identified the cursed +2 pair of boots "Enlightened
                  | Abstinence" {Stlth+, Cun, Self} (You found it on level 7 of
                  | the Dungeon)
 22145 | Lair:5   | Reached ***** piety under Ashenzari
 23570 | D:12     | Noticed Azrael
 23588 | D:12     | Killed Azrael
 24480 | D:13     | Reached XP level 16. HP: 101/101 MP: 28/28
 25056 | D:13     | Identified the +0 robe of the Leaf {Str-3 Int+8 Dex-4
                  | Stlth+}
 25183 | D:14     | Noticed Rupert
 25183 | D:14     | Found a gate to the Vaults.
 25368 | D:14     | Killed Rupert
 25701 | D:14     | Reached skill level 15 in Stealth
 26800 | D:15     | Entered Level 15 of the Dungeon
 27148 | D:15     | Found a staircase to the Depths.
 28496 | Orc:1    | Entered Level 1 of the Orcish Mines
 28975 | Orc:2    | Entered Level 2 of the Orcish Mines
 28988 | Orc:2    | Found a staircase to the Elven Halls.
 29010 | Orc:2    | Found a gate leading to a gauntlet.
 29016 | Gauntlet | Entered a Gauntlet
 29020 | Gauntlet | Found a transporter.
 29042 | Gauntlet | Found a transporter.
 29042 | Gauntlet | Found a transporter.
 29060 | Gauntlet | Found a transporter.
 29060 | Gauntlet | Found a transporter.
 29078 | Gauntlet | Found a transporter.
 29130 | Gauntlet | Found a transporter.
 29138 | Gauntlet | Found a transporter.
 29154 | Gauntlet | Found a transporter.
 29194 | Gauntlet | Found a transporter.
 29194 | Gauntlet | Found a transporter.
 29205 | Gauntlet | Identified the +5 hand axe "Embalmer" {drain, Stlth+}
 29211 | Gauntlet | Identified the +1 hat of the Storm King {Dex+3}
 29212 | Gauntlet | Found a transporter.
 29421 | Gauntlet | Learned a level 4 spell: Cause Fear
 29464 | Gauntlet | Identified the +0 robe of Disguise {Harm rC+ Str-4
                  | Archmagi}
 29731 | Orc:1    | Reached XP level 17. HP: 95/106 MP: 29/29
 30482 | Orc:2    | Reached skill level 15 in Dodging
 30572 | Orc:2    | Paralysed by an ogre mage for 5 turns
 30810 | Orc:2    | Reached skill level 10 in Fighting
 30898 | Orc:2    | Reached skill level 14 in Short Blades
 30959 | Orc:2    | Found Fycat's General Store.
 30959 | Orc:2    | Found Acwoen's Weapon Shoppe.
 30998 | Orc:2    | Found Giozapti's Weapon Emporium.
 30998 | Orc:2    | Found Liliecuk's Jewellery Boutique.
 31076 | Orc:2    | Bought a throwing net for 39 gold pieces
 31077 | Orc:2    | Bought a scroll of fog for 60 gold pieces
 31077 | Orc:2    | Bought a potion of enlightenment for 75 gold pieces
 31077 | Orc:2    | Bought a tin of tremorstones (2/2) for 600 gold pieces
 31077 | Orc:2    | Bought a potion of heal wounds for 75 gold pieces
 31077 | Orc:2    | Bought a potion of berserk rage for 75 gold pieces
 31411 | Swamp:1  | Entered Level 1 of the Swamp
 31633 | Swamp:1  | Noticed Roxanne
 32629 | Swamp:2  | Reached skill level 10 in Evocations
 32777 | Swamp:2  | Reached skill level 15 in Short Blades
 33661 | Swamp:3  | Reached skill level 16 in Short Blades
 33661 | Swamp:3  | Reached XP level 18. HP: 114/114 MP: 30/30
 34043 | Swamp:3  | Noticed Mara
 34047 | Swamp:3  | Killed Mara
 34173 | Swamp:3  | Reached skill level 17 in Short Blades
 34435 | Swamp:4  | Entered Level 4 of the Swamp
 34610 | Swamp:4  | Noticed a tentacled monstrosity
 34615 | Swamp:4  | Killed a tentacled monstrosity
 35834 | Swamp:4  | Got a decaying rune of Zot
 36176 | Spider:1 | Entered Level 1 of the Spider Nest
 37083 | Spider:1 | Reached XP level 19. HP: 114/118 MP: 31/31
 38802 | Spider:2 | Noticed Donald
 38806 | Spider:2 | Killed Donald
 40197 | Spider:4 | Entered Level 4 of the Spider Nest
 40237 | Spider:4 | Noticed Agnes
 40241 | Spider:4 | Killed Agnes
 40755 | Spider:4 | Reached skill level 15 in Fighting
 41371 | Spider:4 | Reached XP level 20. HP: 122/134 MP: 32/32
 41595 | Spider:4 | Reached skill level 18 in Short Blades
 41695 | Spider:4 | Identified the +1 pair of gloves "Quderun" {rC+ Str+3}
 42063 | Spider:4 | Reached skill level 19 in Short Blades
 42148 | Spider:4 | Got a gossamer rune of Zot
 42335 | Lair:3   | Learned a level 5 spell: Silence
 42552 | Elf:1    | Entered Level 1 of the Elven Halls
 42557 | Elf:1    | Paralysed by an air elemental for 1 turns
 42562 | Orc:2    | Paralysed by an air elemental for 1 turns
 42732 | Orc:2    | Reached skill level 1 in Air Magic
 43570 | Elf:1    | Reached skill level 5 in Air Magic
 44119 | Elf:1    | Found Menut's General Store.
 44125 | Elf:1    | Bought a potion of might for 56 gold pieces
 44125 | Elf:1    | Bought a scroll of butterflies for 56 gold pieces
 45302 | Elf:2    | Found Moiser's Jewellery Emporium.
 45752 | Elf:2    | Found a huge runed translucent gate.
 45752 | Elf:2    | Found a huge runed translucent gate.
 45752 | Elf:2    | Found a huge runed translucent gate.
 45752 | Elf:2    | Found a huge runed translucent gate.
 45752 | Elf:2    | Found a huge runed translucent gate.
 46297 | Elf:2    | Noticed Nikola
 46303 | Elf:2    | Killed Nikola
 46462 | Elf:2    | Reached XP level 21. HP: 100/137 MP: 27/31
 47435 | Vaults:1 | Entered Level 1 of the Vaults
 47630 | Vaults:1 | Reached skill level 10 in Hexes
 47632 | Vaults:1 | Reached skill level 10 in Air Magic
 47756 | Vaults:1 | Found a crumbling gateway.
 47758 | Vaults:1 | Found a white marble altar of Elyvilon.
 47758 | Vaults:1 | Found a glowing golden altar of the Shining One.
 47758 | Vaults:1 | Found a glowing silver altar of Zin.
 47862 | Desolati | Entered the Desolation of Salt
 48173 | Desolati | Identified the ring "Tobefaz" {Fire *Corrode Will+ Dex+6
                  | SInv}
 48175 | Desolati | Identified Nes Fohe's Grimoire of Fumes and Geology
 48349 | Desolati | Identified the ring of Qenkoxeo {rC+ rN+ Str+3 Dex-5 SInv}
 48364 | Desolati | Identified Vuetueth's Spellbook of Bones
 48708 | Desolati | Identified the +6 plate armour of Gravitas {rCorr Dex+2}
 48708 | Desolati | Identified the Secrets of the Mob
 49702 | Vaults:1 | Reached XP level 22. HP: 129/144 MP: 31/34
 49908 | Vaults:1 | Found Cusow's Magic Scroll Emporium.
 49913 | Vaults:1 | Bought a scroll of teleportation for 39 gold pieces
 49913 | Vaults:1 | Bought a scroll of enchant weapon for 97 gold pieces
 49913 | Vaults:1 | Bought a scroll of blinking for 97 gold pieces
 49913 | Vaults:1 | Bought a scroll of fog for 52 gold pieces
 50265 | Vaults:1 | Paralysed by a formless jellyfish for 1 turns
 51137 | Vaults:2 | Found a staircase to the Crypt.
 52536 | Elf:3    | Entered Level 3 of the Elven Halls
 54496 | Elf:3    | Reached XP level 23. HP: 149/149 MP: 34/38
 54582 | Elf:3    | Identified the +6 ring mail "Anoeny" {rN+}
 54697 | Elf:3    | Identified the -1 cloak "Dethret" {*Corrode rElec rPois
                  | rF++}
 54862 | Elf:3    | Identified the ring "Rokkoenn" {rPois rF+ MP+9 Int+2}
 54872 | Elf:3    | Identified the ring "Xaedidghe" {rF+ Will+}
 54876 | Elf:3    | Identified the +6 chain mail of Action {Str+2}
 55242 | Elf:3    | Reached skill level 20 in Short Blades
 55338 | Elf:3    | Identified the +8 mace of the Evil Eye {vamp, rPois rF-
                  | Stlth+}
 55339 | Elf:3    | Identified the +3 quarterstaff of the Sugar Beet {pain,
                  | rElec Stlth+}
 55821 | D:10     | Killed Psyche
 56129 | Swamp:1  | Killed Roxanne
 56808 | Vaults:3 | Identified the amulet of Unucuef {RegenMP Rampage rF+ Str-2
                  | Dex+3}
 57286 | Vaults:3 | Noticed Boris
 57288 | Vaults:3 | Killed Boris
 57289 | Vaults:3 | Reached skill level 21 in Short Blades
 57788 | Vaults:3 | Reached skill level 22 in Short Blades
 58819 | Vaults:4 | Reached skill level 23 in Short Blades
 59159 | Vaults:4 | Reached XP level 24. HP: 135/154 MP: 37/37
 59308 | Vaults:4 | Reached skill level 24 in Short Blades
 60075 | Vaults:5 | Entered Level 5 of the Vaults
 60786 | Vaults:5 | Identified the ring of Tusul {Str+6 Int+6 Dex-2}
 60786 | Vaults:5 | Identified the Parchment of Arenous Invitation
 60830 | Vaults:5 | Identified the +3 robe of the Wilderness {rF+ rN++}
 60831 | Vaults:5 | Identified the +2 robe of the Sailor {*Slow +Blink rPois
                  | Dex-2}
 61084 | Vaults:5 | Identified the +11 shortbow of Winter {drain, SInv}
 61277 | Vaults:5 | Found Poetusesm's Armour Emporium.
 61277 | Vaults:5 | Identified the Treatise on Geomancy and the Missiles
 61543 | Vaults:5 | Identified the +0 scale mail of Classification {rC++
                  | Stlth-}
 61914 | Vaults:5 | Found Qar Yfaq's Jewellery Shoppe.
 61920 | Vaults:5 | Bought the amulet "Liskikla" {Acrobat rC+ rN+ Will++ Str+3}
                  | for 1507 gold pieces
 61945 | Vaults:5 | Noticed a golden dragon
 61953 | Vaults:5 | Killed a golden dragon
 62323 | Vaults:5 | Identified the +0 chain mail of Zuvuoxad {-Cast rF+ rC++}
 62341 | Vaults:5 | Noticed Boris
 62376 | Vaults:5 | Killed Boris
 62650 | Vaults:5 | Reached XP level 25. HP: 132/159 MP: 37/37
 62960 | Vaults:5 | Noticed an ancient lich
 62965 | Vaults:5 | Killed an ancient lich
 63618 | Vaults:5 | Identified the staff of the Present {Str+6 Conj}
 63664 | Vaults:5 | Identified the Reference Book on the Doomed Coals
 63678 | Vaults:5 | Got a silver rune of Zot
 64172 | Depths:1 | Entered Level 1 of the Depths
 64227 | Depths:1 | Found a shimmering altar of Xom.
 64228 | Depths:1 | Found a shimmering altar of Xom.
 64229 | Depths:1 | Found a shimmering altar of Xom.
 64710 | Depths:1 | Found a gateway to Hell.
 64885 | Depths:1 | Found a shimmering altar of Xom.
 65350 | Depths:1 | Found the +8 Vampire's Tooth {megavamp}
 65887 | Depths:2 | Found Qoehe's Neck Hole.
 66058 | Depths:2 | Identified the amulet of Qilaroim {Acrobat -Tele ^Drain
                  | rPois Regen+}
 66277 | Depths:2 | Found a one-way gate leading to the halls of Pandemonium.
 66902 | Depths:3 | Reached XP level 26. HP: 179/179 MP: 39/39
 67398 | Depths:3 | Noticed a juggernaut
 67622 | Depths:3 | Noticed a juggernaut
 67627 | Depths:3 | Killed a juggernaut
 67705 | Depths:3 | Killed a juggernaut
 68905 | Depths:3 | Found a one-way gate to the infinite horrors of the Abyss.
 69310 | Depths:4 | Entered Level 4 of the Depths
 69310 | Depths:4 | Noticed a juggernaut
 69317 | Depths:4 | Killed a juggernaut
 69463 | Depths:4 | Found a one-way gateway to a ziggurat.
 69550 | Depths:4 | Reached skill level 25 in Short Blades
 69614 | Depths:4 | Reached XP level 27. HP: 192/192 MP: 39/39
 69666 | Depths:4 | Noticed Boris
 69691 | Depths:4 | Killed Boris
 70236 | Depths:4 | Found a gate to the Realm of Zot.
 70379 | Depths:4 | Reached skill level 26 in Short Blades
 70460 | Zot:1    | Entered Level 1 of the Realm of Zot
 71801 | Zot:2    | Reached ****** piety under Ashenzari
 71895 | Zot:2    | Found a runed translucent gate.
 71896 | Zot:2    | Found a runed translucent gate.
 71897 | Zot:2    | Found a runed translucent gate.
 71897 | Zot:2    | Noticed Huufes's ghost (veteran MiGl)
 71947 | Zot:2    | Killed Huufes's ghost
 72492 | Zot:2    | Noticed an orb of fire
 72502 | Zot:2    | Gained mutation: You are vulnerable to heat. (rF-) [an orb
                  | of fire]
 72522 | Zot:2    | Killed an orb of fire
 72537 | Zot:2    | Lost mutation: You are vulnerable to heat. (rF-) [potion of
                  | mutation]
 72537 | Zot:2    | Gained mutation: Your magical capacity is low. (-10% MP)
                  | [potion of mutation]
 72537 | Zot:2    | Gained mutation: You are somewhat resistant to further
                  | mutation. [potion of mutation]
 72872 | Zot:2    | Noticed an orb of fire
 72872 | Zot:2    | Identified the +1 hand axe "Puefaal" {flame, Will++ Dex+5}
 72872 | Zot:2    | Identified Rinih's Papyrus of The Black Sun
 76474 | Zot:5    | Entered Level 5 of the Realm of Zot
 77491 | Zot:5    | Noticed a dread lich
 77626 | Zot:5    | Killed a dread lich
 77935 | Zot:5    | Noticed a dread lich
 77958 | Zot:5    | Killed a dread lich
 78213 | Zot:5    | Noticed an ancient lich
 78250 | Zot:5    | Killed an ancient lich
 78282 | Zot:5    | Noticed an orb of fire
 78327 | Zot:5    | Noticed a dread lich
 78347 | Zot:5    | Killed a dread lich
 78380 | Zot:5    | Noticed a Killer Klown
 78384 | Zot:5    | Killed a Killer Klown
 78502 | Zot:5    | Noticed a dread lich
 78525 | Zot:5    | Killed a dread lich
 78566 | Zot:5    | Noticed an ancient lich
 78601 | Zot:5    | Killed an ancient lich
 78694 | Zot:5    | Noticed an ancient lich
 78726 | Zot:5    | Killed an ancient lich
 78779 | Zot:5    | Killed an orb of fire
 79380 | Zot:5    | Got the Orb of Zot
 79968 | D:$      | Escaped with the Orb!

Illustrated notes

Levels and vault maps discovered:
D:1:      minmay_arrival_checkered_box, layout_basic,
          minmay_misc_feat_more_columns, kennysheep_flooded_box
D:2:      layout_loops_cross
D:3:      layout_basic, grunt_temple_overflow_open, serial_bayou,
          serial_bayou_shore_b, serial_bayou_pond_b, serial_bayou_ford_a,
          serial_bayou_pond_c
D:4:      layout_rooms, minmay_temple_entry_tees
D:5:      old_forge, layout_gridville, nicolae_ossuary_entry_ruins
D:6:      layout_basic, serial_bayou_pond_c, minmay_ruffians, uniq_sigmund
D:7:      layout_rooms, minmay_misc_feat_nine_boxes, minmay_ruined_shrine
D:8:      layout_loops_cross, lair_entry_dummy, kennysheep_windowed_goal
D:9:      layout_long_grid, erik_orc_2
D:10:     nzn_winding_woodlands_cross
          [nzn_winding_woodlands_5x15_pathside_ponds,
          nzn_winding_woodlands_5x15_lazy_stream,
          nzn_winding_woodlands_5x15_pockets,
          nzn_winding_woodlands_5x15_split_checker,
          nzn_winding_woodlands_15x15_killbox], layout_rooms,
          nicolae_overflow_hallway_of_the_gods, serial_shops, shop,
          hangedman_stone_soup, uniq_joseph, uniq_psyche, uniq_harold
D:11:     nzn_motion_control, layout_loops_ring,
          portal_ice_cave_entry_animals_and_master, doesnt_shop_hydraphobe
D:12:     layout_gridville, uniq_azrael
D:13:     layout_roguey, serial_ice, serial_ice_j, serial_ice_d, serial_ice_b,
          serial_ice_g, serial_ice_e, serial_ice_h
D:14:     layout_basic, david_vaults_3, chequers_serial_rivers_micro_a
D:15:     hangedman_depths_entry_civil_slaughter, layout_loops_corners,
          chequers_big_river, minivault_26
Temple:   nicolae_temple_figure_eight
Lair:1:   layout_regular_city, enter_volcano_2, grunt_megastairs_1, uniq_sonja,
          uniq_urug, uniq_maggie
Lair:2:   layout_cellular_growth, basic_altar, uniq_gastronok
Lair:3:   layout_loops_ring, palyth_hydra_swamp_entry, spider_nest_entry_a,
          hangedman_lair_unloving_vines
Lair:4:   layout_regular_city, minmay_slime_entry_pillars,
          cheibrodos_lair_lostbears, lemuel_fruit_fields, lemuel_fruit_fields
Lair:5:   guppyfry_lair_end_dragon, layout_hall_layers, bh_autumn_forest_stairs,
          grunt_megastairs_5, uniq_snorg
Swamp:1:  layout_basic_swamp, evilmike_swamp_ruin_house_4, uniq_roxanne
Swamp:2:  layout_basic_swamp, nicolae_swamp_little_tower, swamp_pool_1_2,
          hangedman_swamp_wriggling
Swamp:3:  layout_basic_swamp, evilmike_swamp_ruin_house_5, roderic_carrion_pond,
          swamp_pool_1_2, nicolae_swamp_round_clearing,
          nicolae_swamp_bloodsuckers_inc, uniq_mara
Swamp:4:  swamp_alternative, layout_basic_swamp, swamp_pool_4,
          cheibrodos_swamp_witchery
Spider:1: layout_spider_delve
Spider:2: layout_spider_delve, nicolae_spider_bug_shape, uniq_donald
Spider:3: layout_spider_delve
Spider:4: grunt_spider_rune_circles, uniq_agnes
Orc:1:    layout_diamond_mine
Orc:2:    st_orc_ogre_mass, layout_diamond_mine, gauntlet_entry_generic
Elf:1:    nicolae_elf_arrival_aired_out, layout_loops_corners, serial_shops,
          nicolae_shop_advertising_works [nicolae_subvault_shop_adworks],
          minmay_elf_crystal_heptagon
Elf:2:    elven_hall_of_blades_hangedman_alternative
          [nicolae_blade_entry_area_security], layout_loops_corners,
          serial_shops, shop, uniq_nikola
Elf:3:    elf_hall, layout_rooms, kilobyte_rumbling_trees
Vaults:1: portal_desolation_entry_holy_temple, nicolae_vaults_shelves_hall,
          nicolae_vaults_what_the_h, nicolae_vaults_little_squares_6,
          nicolae_vaults_tetromino_L_1, nicolae_vaults_meeting,
          nicolae_vaults_closet_pinwheel_3, vaults_dpeg_cross,
          nicolae_vaults_ellipses_ellipsis, nicolae_vaults_storage_room_statues,
          nicolae_vaults_trapezoid_1, nicolae_vaults_diamond_2,
          vaults_room_grunt_arrival_ludios, layout_vaults_maze_bifur,
          serial_shops, shop
Vaults:2: minmay_crypt_entry_simple_sparse, vaults_room_fancy_cross, v_rooms_3,
          grunt_vaults_trifunnel, nicolae_vaults_mini_display_case,
          ontoclasm_vaults_shuriken, vaults_room_corners, layout_vaults_omnigrid
Vaults:3: ontoclasm_vaults_fire_temple, nicolae_vaults_two_Ls,
          nicolae_vaults_diagonal_hallway_7, nicolae_vaults_border_crossing,
          nicolae_vaults_little_squares_2, nicolae_vaults_big_ls, v_misc_2,
          nicolae_vaults_wine_cellar, nicolae_vaults_little_ls,
          nicolae_vaults_little_squares_3, vaults_room_stairs_pillars,
          layout_vaults_big_room, uniq_boris
Vaults:4: nicolae_vaults_trapezoid_2, nicolae_vaults_more_shelving_1, v_rooms_2,
          nicolae_vaults_ninety_degrees, vaults_room_grunt_arrival_checkpoint,
          nicolae_vaults_security_offices_6, v_alt_pattern_2,
          hangedman_vaults_impose, v_misc_8, nicolae_vaults_house_1,
          grunt_vaults_funnel, nicolae_vaults_apartment_1,
          nicolae_vaults_diamond_1, layout_vaults_omnicross
Vaults:5
Depths:1: layout_gridville, hell_entry, xom_redecorated,
          hangedman_abyss_or_decor_jellyfish_corner,
          minmay_guarded_unrand_vampires_tooth
Depths:2: minmay_open_boxes_in_corner, layout_cave_pools, hell_entry,
          nicolae_sextant, rand_demon_pan_entry_1,
          nicolae_shop_sticking_my_neck_out, infiniplex_staircase_x
Depths:3: nicolae_fronds_of_death, layout_basic, abyss_entry, grunt_metal_band,
          infiniplex_staircase_star
Depths:4: grunt_zot_entry_alcove, layout_gridville, enter_ziggurat_c, hell_entry
Zot:1:    kennysheep_oblong_rooms, layout_onion_interference,
          regret_index_zotdec_wing_it
Zot:2:    dreamdust_black_sun_cult, layout_gridville, ebering_ghost_rock_garden
Zot:3:    layout_gridville, hangedman_zot_wheel_spokes, grunt_megastairs_3
Zot:4:    layout_gridville
Zot:5:    layout_gridlike, grunt_megastairs_4

Skill      XL: |  1  2  3  4  5  6  7  8  9 10 11 12 13 14 15 16 17 18 19 20 21 22 23 24 25 26 27 |
---------------+----------------------------------------------------------------------------------+-----
Fighting       | 1 2 3 5 8 10 15 18 21 24 | 24.5
Short Blades   | 1 3 4 5 7 9 10 11 13 16 17 19 23 24 25 26 | 26.0
Dodging        | 3 5 8 10 14 15 18 22 23 | 23.3
Stealth        | 3 5 9 10 11 15 20 24 | 24.0
Evocations     | 3 5 10 | 10.0
Throwing       | 5 6 |  6.0
Hexes          | 7 8 9 12 | 12.0
Spellcasting   | 5 6 8 9 |  9.0
Armour         | 1 6 11 14 | 14.2
Shields        | 1 5 10 | 10.3
Air Magic      | 9 12 | 12.0
Conjurations   | |  4.0

Action                     |  1- 3 |  4- 6 |  7- 9 | 10-12 | 13-15 | 16-18 | 19-21 | 22-24 | 25-27 || total
---------------------------+-------+-------+-------+-------+-------+-------+-------+-------+-------++-------
  Melee: Dagger            |     1 |   253 |    43 |  1092 |    83 |       |       |       |       ||  1472
         Short sword       |       |    22 |   323 |       |       |       |       |       |       ||   345
         Punch             |       |     4 |     7 |    14 |     1 |       |       |       |       ||    26
         Rapier            |       |       |       |       |  1392 |  2209 |  1957 |  1501 |  2401 ||  9460
  Throw: Throwing net      |       |       |       |     7 |     2 |     1 |     4 |       |     2 ||    16
         Dart              |       |       |       |       |    22 |     8 |    16 |    32 |    37 ||   115
   Cast: Magic Dart        |    66 |    72 |     4 |     9 |       |       |       |       |       ||   151
         Searing Ray       |       |     1 |    26 |     8 |       |       |       |       |       ||    35
         Dazzling Flash    |       |       |       |    23 |     8 |       |       |       |       ||    31
         Confusing Touch   |       |       |       |       |     1 |     9 |    11 |       |       ||    21
         Cause Fear        |       |       |       |       |       |       |     1 |       |       ||     1
         Silence           |       |       |       |       |       |       |    17 |   115 |   159 ||   291
 Invoke: Curse Item        |       |       |       |     1 |     7 |       |     2 |     3 |     4 ||    17
         Shatter the Chain |       |       |       |       |       |     1 |     2 |     3 |     1 ||     7
  Evoke: Wand              |       |       |     3 |    20 |    15 |     2 |     2 |     1 |       ||    43
         Tin of tremorston |       |       |       |       |       |       |     4 |       |     2 ||     6
         Box of beasts     |       |       |       |       |       |       |     1 |     1 |       ||     2
         Phantom mirror    |       |       |       |       |       |       |     2 |     1 |       ||     3
    Use: Potion            |     1 |       |       |     7 |     6 |     1 |     4 |     1 |     5 ||    25
         Scroll            |       |     4 |     5 |     5 |     6 |     5 |    12 |     3 |     4 ||    44
   Stab: Sleeping          |       |     8 |    27 |    23 |    84 |    87 |   154 |   210 |   228 ||   821
         Distracted        |       |       |     1 |     1 |    11 |    21 |    17 |     5 |     9 ||    65
         Invisible         |       |       |       |    12 |     8 |    13 |       |     3 |       ||    36
         Held in net/web   |       |       |       |     7 |     2 |     1 |     7 |       |     5 ||    22
         Confused          |       |       |       |       |       |    12 |    17 |       |       ||    29
 Armour: Robe              |     3 |    77 |   141 |    28 |       |       |       |       |       ||   249
         Steam dragon scal |       |       |       |    87 |       |       |       |       |       ||    87
         Ice dragon scales |       |       |       |   193 |       |       |       |       |       ||   193
         Acid dragon scale |       |       |       |    69 |   284 |   194 |   146 |   169 |   325 ||  1187
         Skin              |       |       |       |       |    20 |       |       |       |       ||    20
         Swamp dragon scal |       |       |       |       |       |   148 |   223 |       |       ||   371
  Dodge: Dodged            |     6 |   171 |   318 |   740 |   669 |   847 |  1018 |   571 |  1194 ||  5534
  Block: Kite shield       |       |       |       |   117 |  1148 |  1702 |  1930 |   870 |  1255 ||  7022
         Reflection        |       |       |       |       |     7 |    15 |    22 |    20 |       ||    64
